[Event "Czech Open Rapid G1 2024"]
[Site "Pardubice"]
[Date "2024.07.18"]
[Round "9.20"]
[White "Shilon Rahav, Eliran"]
[Black "Sherman, Raem"]
[Result "1/2-1/2"]
[Annotator "RC"]
[ECO "C01"]
[WhiteElo "2055"]
[BlackElo "2358"]
[PlyCount "46"]
[EventDate "2024.07.16"]
[EventType "swiss"]
[EventCountry "CZE"]
[SourceTitle "playchess.com"]
[Source "ChessBase"]
[SourceQuality "1"]
[TimeControl "1200+10"]

1. e4 e6 2. d4 d5 3. exd5 exd5 4. Nf3 Nf6 5. Bd3 Bd6 6. O-O O-O 7. Bg5 h6 8. Bh4 b6 9. Ne5 c5 10. c3 g5 11. Bg3 cxd4 12. cxd4 Ne4 13. Qh5 Kg7 14. Bxe4 dxe4 15. Nc3 Bxe5 16. dxe5 Bb7 17. Rad1 Qe7 18. Qg4 Nc6 19. Qxe4 Rad8 20. Nd5 Nb8 21. e6 Rxd5 22. Rxd5 Bxd5 23. Qxd5 Qxe6 1/2-1/2

[Event "Czech Open Rapid G1 2024"]
[Site "Pardubice"]
[Date "2024.07.18"]
[Round "9.21"]
[White "Ludvik, Tomas"]
[Black "Eropunov, Gleb"]
[Result "1-0"]
[Annotator "RC"]
[ECO "D24"]
[WhiteElo "2210"]
[BlackElo "2190"]
[PlyCount "77"]
[EventDate "2024.07.16"]
[EventType "swiss"]
[EventCountry "CZE"]
[SourceTitle "playchess.com"]
[Source "ChessBase"]
[SourceQuality "1"]
[TimeControl "1200+10"]

1. d4 Nf6 2. c4 e6 3. Nf3 d5 4. Nc3 dxc4 5. e4 b5 6. e5 Nd5 7. Nxb5 Nb6 8. Be2 Be7 9. Qd2 Nc6 10. O-O O-O 11. Rd1 Bb7 12. Qf4 Qd7 13. Qg4 Kh8 14. Nc3 Nb4 15. Bg5 Bxg5 16. Qxg5 Rad8 17. Qh4 Bxf3 18. Bxf3 Nc2 19. Be4 f5 20. exf6 g5 21. Qxg5 Nxa1 22. Rxa1 Qf7 23. Qh6 Nd7 24. Rd1 Nxf6 25. Bf3 Rd7 26. h3 Rfd8 27. Qh4 Rb8 28. Rd2 c5 29. Na4 cxd4 30. Rxd4 e5 31. Rxc4 Rbd8 32. Nc5 Rc7 33. b4 e4 34. Bxe4 Rd1+ 35. Kh2 Ng4+ 36. hxg4 Qxc4 37. Qf6+ Rg7 38. Ne6 Qd4 39. Nxd4 1-0

[Event "Czech Open Rapid G1 2024"]
[Site "Pardubice"]
[Date "2024.07.18"]
[Round "9.22"]
[White "Dehmel, Jens"]
[Black "Berin, Artem"]
[Result "0-1"]
[Annotator "RC"]
[ECO "E36"]
[WhiteElo "1980"]
[BlackElo "2234"]
[PlyCount "76"]
[EventDate "2024.07.16"]
[EventType "swiss"]
[EventCountry "CZE"]
[SourceTitle "playchess.com"]
[Source "ChessBase"]
[SourceQuality "1"]
[TimeControl "1200+10"]

1. d4 Nf6 2. c4 e6 3. Nc3 Bb4 4. Qc2 d5 5. a3 Bxc3+ 6. Qxc3 O-O 7. Bg5 h6 8. Bh4 g5 9. Bg3 Ne4 10. Qc2 Nc6 11. e3 f5 12. f3 Nxg3 13. hxg3 Kg7 14. Bd3 Qd6 15. Ne2 Bd7 16. f4 g4 17. b4 dxc4 18. Qxc4 Ne7 19. Rc1 Rac8 20. Kf2 a6 21. Nc3 Bc6 22. a4 Nd5 23. b5 axb5 24. axb5 Nb6 25. Qc5 Be8 26. e4 Rd8 27. Ke3 Bg6 28. Rhd1 fxe4 29. Nxe4 Nd5+ 30. Ke2 Qd7 31. Nf2 Qf7 32. Bxg6 Qxg6 33. Qc2 Qe8 34. Rb1 Ra8 35. Rh1 Ra2 36. Rb2 Qxb5+ 37. Rxb5 Rxc2+ 38. Ke1 Ra8 0-1

[Event "Czech Open Rapid G1 2024"]
[Site "Pardubice"]
[Date "2024.07.18"]
[Round "9.23"]
[White "Alexikov, Alexander"]
[Black "Mojzis, Jaroslav"]
[Result "0-1"]
[Annotator "RC"]
[ECO "C44"]
[WhiteElo "2183"]
[BlackElo "2068"]
[PlyCount "84"]
[EventDate "2024.07.16"]
[EventType "swiss"]
[EventCountry "CZE"]
[SourceTitle "playchess.com"]
[Source "ChessBase"]
[SourceQuality "1"]
[TimeControl "1200+10"]

1. e4 e5 2. Nf3 Nc6 3. c3 d5 4. Qa4 Nf6 5. Nxe5 Bd6 6. Nxc6 bxc6 7. d3 O-O 8. Nd2 Re8 9. Be2 Qe7 10. O-O c5 11. f4 c4 12. e5 cxd3 13. Bxd3 Bc5+ 14. Kh1 Ng4 15. Nf3 Nf2+ 16. Rxf2 Bxf2 17. Qc2 Bb6 18. Bxh7+ Kh8 19. Bd3 Bg4 20. Be2 g6 21. Bd2 Kg7 22. Be1 Rh8 23. Bg3 Rad8 24. Nd4 Bxe2 25. Qxe2 Bxd4 26. cxd4 c5 27. Rf1 Qe6 28. f5 gxf5 29. dxc5 d4 30. Qd3 Rh5 31. a3 a5 32. b4 axb4 33. axb4 Qd5 34. Rxf5 Rxf5 35. Qxf5 d3 36. Bh4 d2 37. Qg5+ Kf8 38. Qe7+ Kg7 39. Qg5+ Kf8 40. Qf5 Kg7 41. Bf6+ Kf8 42. h3 d1=Q+ 0-1

[Event "Czech Open Rapid G1 2024"]
[Site "Pardubice"]
[Date "2024.07.18"]
[Round "9.24"]
[White "Ptacek, Lubos"]
[Black "Lihotsky, Lukas"]
[Result "0-1"]
[Annotator "RC"]
[ECO "B13"]
[WhiteElo "2036"]
[BlackElo "2129"]
[PlyCount "70"]
[EventDate "2024.07.16"]
[EventType "swiss"]
[EventCountry "CZE"]
[SourceTitle "playchess.com"]
[Source "ChessBase"]
[SourceQuality "1"]
[TimeControl "1200+10"]

1. e4 c6 2. d4 d5 3. exd5 cxd5 4. Nf3 Nc6 5. c3 Bg4 6. Be2 e6 7. Bf4 Bd6 8. Bxd6 Qxd6 9. Nbd2 Nf6 10. O-O O-O 11. Re1 Rab8 12. Ne5 Bxe2 13. Qxe2 Nd7 14. Ndf3 Ncxe5 15. dxe5 Qe7 16. Rad1 b5 17. Nd4 Qc5 18. Rd3 b4 19. Rh3 Rfc8 20. Qh5 Nf8 21. Rg3 bxc3 22. bxc3 Qa3 23. Qg5 g6 24. h4 Rxc3 25. Nf3 h5 26. Qxh5 Rc1 27. Rxc1 Qxc1+ 28. Kh2 Rb1 29. Rg4 Rb2 30. Qg5 Qxg5 31. hxg5 Rxa2 32. Kg3 a5 33. Rd4 Nd7 34. Kf4 Nc5 35. Kg3 Rb2 0-1

[Event "Czech Open Rapid G1 2024"]
[Site "Pardubice"]
[Date "2024.07.18"]
[Round "9.25"]
[White "Freisler, Pavel"]
[Black "Setina, Vaclav"]
[Result "1-0"]
[Annotator "RC"]
[ECO "D33"]
[WhiteElo "2261"]
[BlackElo "1984"]
[PlyCount "95"]
[EventDate "2024.07.16"]
[EventType "swiss"]
[EventCountry "CZE"]
[SourceTitle "playchess.com"]
[Source "ChessBase"]
[SourceQuality "1"]
[TimeControl "1200+10"]

1. Nf3 Nf6 2. c4 c5 3. g3 Nc6 4. Bg2 e6 5. O-O d5 6. cxd5 exd5 7. d4 Be6 8. Nc3 a6 9. Bg5 Be7 10. dxc5 O-O 11. Rc1 d4 12. Na4 Qa5 13. b3 Rad8 14. Bd2 Qb5 15. Re1 Ne4 16. Qc2 Bf5 17. Qc4 Rfe8 18. Bf4 g5 19. Bc7 Rd7 20. Bb6 g4 21. Nh4 Bxh4 22. gxh4 Ne5 23. Qxb5 axb5 24. Nb2 Nc3 25. a4 b4 26. Ba5 Nc6 27. Bxc6 bxc6 28. Bxb4 Nxe2+ 29. Kf1 d3 30. Rcd1 Rb8 31. Bd2 Rxb3 32. Nc4 Rd4 33. Nd6 Be6 34. Bh6 Rxa4 35. Ra1 Raa3 36. Rxa3 Rxa3 37. Rb1 Bb3 38. Nc4 d2 39. Nxa3 d1=Q+ 40. Rxd1 Bxd1 41. Ke1 Nc3 42. Bd2 Ne4 43. Kxd1 Nxc5 44. Ke2 Kg7 45. Nc4 f6 46. h5 Ne4 47. Bf4 Kf7 48. Nd6+ 1-0

[Event "Czech Open Rapid G1 2024"]
[Site "Pardubice"]
[Date "2024.07.18"]
[Round "9.26"]
[White "Levytskyi, Liubomyr"]
[Black "Hosticka, Frantisek"]
[Result "0-1"]
[Annotator "NA"]
[ECO "B03"]
[WhiteElo "1717"]
[BlackElo "2062"]
[PlyCount "88"]
[EventDate "2024.07.16"]
[EventType "swiss"]
[EventCountry "CZE"]
[SourceTitle "playchess.com"]
[Source "ChessBase"]
[SourceQuality "1"]
[TimeControl "1200+10"]

1. e4 Nf6 2. e5 Nd5 3. d4 d6 4. c4 Nb6 5. f4 Bf5 6. Be3 e6 7. Nc3 dxe5 8. fxe5 Bb4 9. Nf3 c5 10. a3 Bxc3+ 11. bxc3 Nc6 12. Bd3 Ne7 13. a4 O-O 14. a5 Nd7 15. O-O Rc8 16. a6 bxa6 17. Rxa6 Bxd3 18. Qxd3 cxd4 19. cxd4 Nc5 20. Qa3 Nxa6 21. Qxa6 Qb6 22. Qa3 Nf5 23. c5 Qb7 24. Nd2 Qd5 25. Qc3 h6 26. Nc4 Rfd8 27. Rf4 Rb8 28. h3 Rb1+ 29. Kh2 Rd1 30. Qc2 Ra1 31. Qc3 Ra2 32. Rg4 Kh8 33. Nd6 Nxd6 34. exd6 Rb8 35. Bc1 Rb3 36. Qxb3 Qxb3 37. d7 Qd5 38. c6 Rc2 39. Ba3 Rxc6 40. Bf8 g5 41. Bxh6 Qd6+ 42. Rg3 f6 43. d5 exd5 44. Bxg5 fxg5 0-1

[Event "Czech Open Rapid G1 2024"]
[Site "Pardubice"]
[Date "2024.07.18"]
[Round "9.27"]
[White "Stocek, Martin"]
[Black "Silar, Lubomir"]
[Result "0-1"]
[Annotator "RC"]
[ECO "D43"]
[WhiteElo "2110"]
[BlackElo "1973"]
[PlyCount "62"]
[EventDate "2024.07.16"]
[EventType "swiss"]
[EventCountry "CZE"]
[SourceTitle "playchess.com"]
[Source "ChessBase"]
[SourceQuality "1"]
[TimeControl "1200+10"]

1. d4 d5 2. c4 c6 3. Nf3 Nf6 4. Qb3 dxc4 5. Qxc4 e6 6. Nc3 Be7 7. g3 O-O 8. Bg2 a5 9. O-O b5 10. Qd3 Ba6 11. Qc2 Nbd7 12. Rd1 Rc8 13. e4 b4 14. Na4 Bb5 15. Nc5 Qc7 16. Bf4 Qa7 17. Rac1 Rfd8 18. Nxd7 Nxd7 19. Be3 Qb7 20. Nd2 c5 21. d5 exd5 22. exd5 Qa6 23. Ne4 Ne5 24. d6 Bxd6 25. Nxd6 Rxd6 26. Rxd6 Qxd6 27. Bf4 Qf6 28. Qe4 Nd3 29. Qb7 Ba6 30. Bg5 Bxb7 31. Bxf6 Bxg2 0-1

[Event "Czech Open Rapid G1 2024"]
[Site "Pardubice"]
[Date "2024.07.18"]
[Round "9.28"]
[White "Chaika, Vitalii"]
[Black "Brotanek, Tomas"]
[Result "1-0"]
[Annotator "RC"]
[ECO "D00"]
[WhiteElo "2111"]
[BlackElo "1674"]
[PlyCount "49"]
[EventDate "2024.07.16"]
[EventType "swiss"]
[EventCountry "CZE"]
[SourceTitle "playchess.com"]
[Source "ChessBase"]
[SourceQuality "1"]
[TimeControl "1200+10"]

1. d4 d5 2. Bf4 h5 3. e3 e5 4. Bxe5 f6 5. Bf4 g5 6. Be2 gxf4 7. Bxh5+ Ke7 8. exf4 Qd6 9. Qe2+ Qe6 10. Bf3 c6 11. Nc3 Nh6 12. g3 Na6 13. O-O-O Qxe2 14. Ngxe2 Bg4 15. Bg2 Kd7 16. Rde1 Bd6 17. h3 Bxe2 18. Rxe2 Rae8 19. Rxe8 Rxe8 20. a3 Nf5 21. Rd1 Nc7 22. h4 b5 23. Bh3 Ke6 24. Re1+ Be5 25. fxe5 1-0

[Event "Czech Open Rapid G1 2024"]
[Site "Pardubice"]
[Date "2024.07.18"]
[Round "9.29"]
[White "Kavalir, Jan"]
[Black "Novotny, Josef"]
[Result "1/2-1/2"]
[Annotator "NA"]
[ECO "C00"]
[WhiteElo "1992"]
[BlackElo "2033"]
[PlyCount "130"]
[EventDate "2024.07.16"]
[EventType "swiss"]
[EventCountry "CZE"]
[SourceTitle "playchess.com"]
[Source "ChessBase"]
[SourceQuality "1"]
[TimeControl "1200+10"]

1. e4 e6 2. d3 d6 3. g3 Nc6 4. Bg2 h6 5. Nc3 Nf6 6. Nge2 a6 7. O-O e5 8. h3 g5 9. d4 Bg7 10. Be3 Bd7 11. f4 exf4 12. gxf4 g4 13. f5 Rg8 14. Kh2 gxh3 15. Bxh3 Nh7 16. Nd5 Ne7 17. Nef4 c6 18. Ne6 cxd5 19. Nxd8 Kxd8 20. Qd3 Bb5 21. Qa3 Bxf1 22. Qxd6+ Ke8 23. Rxf1 Rd8 24. Qb6 dxe4 25. f6 Nd5 26. Qxb7 Nhxf6 27. Bc1 Ne7 28. Qxa6 Nfd5 29. c4 Nc7 30. Qa4+ Kf8 31. d5 Be5+ 32. Bf4 Bxf4+ 33. Rxf4 Ng6 34. Rxe4 Kg7 35. Re7 Nxe7 36. Qa7 Ncxd5 37. cxd5 Nxd5 38. Be6 Rgf8 39. Bxd5 Rxd5 40. b4 Rc8 41. Qg1+ Rg5 42. Qd4+ Kh7 43. Qd3+ Rg6 44. Qf5 Rf8 45. a4 Kg8 46. b5 Rd8 47. a5 Rd4 48. b6 Rh4+ 49. Qh3 Rb4 50. Qc8+ Kh7 51. Qf5 Rh4+ 52. Qh3 Rb4 53. Qf5 Rh4+ 54. Qh3 Rb4 55. Qf5 Rh4+ 56. Qh3 Rb4 57. Qh5 Rb2+ 58. Kh3 Rb3+ 59. Kh2 Rb2+ 60. Kh3 Rb3+ 61. Kh2 Rb2+ 62. Kh3 Rb3+ 63. Kh2 Rb2+ 64. Kh1 Rb1+ 65. Kh2 Rb2+ 1/2-1/2

[Event "Czech Open Rapid G1 2024"]
[Site "Pardubice"]
[Date "2024.07.18"]
[Round "9.30"]
[White "Filindash, Nikita"]
[Black "Novotny, Dominik"]
[Result "1-0"]
[Annotator "NA RC"]
[ECO "D31"]
[WhiteElo "2007"]
[BlackElo "1921"]
[PlyCount "149"]
[EventDate "2024.07.16"]
[EventType "swiss"]
[EventCountry "CZE"]
[SourceTitle "playchess.com"]
[Source "ChessBase"]
[SourceQuality "1"]
[TimeControl "1200+10"]

1. d4 d5 2. c4 e6 3. Nc3 a6 4. cxd5 exd5 5. Qb3 c5 6. Qxd5 cxd4 7. Qxd8+ Kxd8 8. Ne4 Bf5 9. Ng3 Be6 10. Nf3 Nc6 11. e3 Bb4+ 12. Bd2 dxe3 13. fxe3 Nf6 14. O-O-O Ke7 15. Kb1 Rhd8 16. Nd4 Bxd2 17. Rxd2 Nxd4 18. exd4 Rd7 19. Be2 Rad8 20. Rhd1 Nd5 21. Bf3 g6 22. Bxd5 Rxd5 23. h3 Rg5 24. Nf1 Bd5 25. Ne3 Rg3 26. Re1 Kf8 27. Nxd5 Rxd5 28. Kc1 f5 29. Kd1 Kf7 30. Kc2 f4 31. Kd1 g5 32. Ree2 h5 33. Ke1 f3 34. Re3 g4 35. hxg4 hxg4 36. gxf3 Rxf3 37. Rxf3+ gxf3 38. Kf2 Rf5 39. Rd3 Ke6 40. Rxf3 Rb5 41. Rb3 Rf5+ 42. Ke3 Rf7 43. Ke4 Rh7 44. Rb6+ Kd7 45. a4 Kc7 46. a5 Rh4+ 47. Kd3 Rh1 48. b4 Re1 49. Rh6 Rb1 50. Kc4 Rc1+ 51. Kd5 Rb1 52. Rh7+ Kb8 53. Kc5 Rc1+ 54. Kd5 Rb1 55. Rh8+ Kc7 56. Rh7+ Kb8 57. Kc4 Rc1+ 58. Kd3 Rb1 59. Kc3 Rc1+ 60. Kb3 Rd1 61. Rh4 Kc7 62. Kc4 Rc1+ 63. Kd5 Rb1 64. Rh7+ Kb8 65. Ke6 Rxb4 66. d5 Re4+ 67. Kf6 Kc8 68. d6 Ra4 69. Rc7+ Kb8 70. Rc5 b6 71. axb6 Kb7 72. d7 Rd4 73. Ke7 Re4+ 74. Kd6 Rd4+ 75. Rd5 1-0

[Event "Czech Open Rapid G1 2024"]
[Site "Pardubice"]
[Date "2024.07.18"]
[Round "9.31"]
[White "Moeller, Tom"]
[Black "Dorokhina, Elizaveta"]
[Result "1-0"]
[Annotator "NA RC"]
[ECO "D00"]
[WhiteElo "1842"]
[BlackElo "1962"]
[PlyCount "99"]
[EventDate "2024.07.16"]
[EventType "swiss"]
[EventCountry "CZE"]
[SourceTitle "playchess.com"]
[Source "ChessBase"]
[SourceQuality "1"]
[TimeControl "1200+10"]

1. d4 e6 2. Nc3 Nf6 3. Bf4 d5 4. Nb5 Na6 5. e3 c6 6. Nc3 Nc7 7. Nf3 Bd6 8. Ne5 O-O 9. g4 c5 10. g5 Nfe8 11. Bd3 Bxe5 12. dxe5 d4 13. h4 Nd5 14. Qh5 g6 15. Qh6 dxc3 16. h5 Qc7 17. hxg6 fxg6 18. Bxg6 Qg7 19. Bxh7+ Kf7 20. g6+ Ke7 21. Bg5+ Kd7 22. Qxg7+ Nxg7 23. Bh6 cxb2 24. Rb1 Kc7 25. Bxg7 Rd8 26. Rxb2 Nc3 27. O-O Bd7 28. Bf6 Re8 29. g7 Bb5 30. Re1 Bc6 31. Kh2 Be4 32. Bxe4 Nxe4 33. f3 Nd2 34. Kg3 Nc4 35. Rb3 Kc6 36. Rd3 Rg8 37. Red1 b5 38. Kf4 Nb6 39. Rd6+ Kc7 40. Rxe6 a5 41. Re7+ Kc8 42. Rd6 Ra6 43. Rc6+ Kb8 44. Ree6 Nd5+ 45. Ke4 Nc3+ 46. Kf5 Rxc6 47. Rxc6 c4 48. Kg6 Kb7 49. Rd6 Nxa2 50. Kf7 1-0

[Event "Czech Open Rapid G1 2024"]
[Site "Pardubice"]
[Date "2024.07.18"]
[Round "9.32"]
[White "Rous, Dominik"]
[Black "Direk, Oguzhan"]
[Result "0-1"]
[Annotator "NA RC"]
[ECO "D02"]
[WhiteElo "1719"]
[BlackElo "1753"]
[PlyCount "116"]
[EventDate "2024.07.16"]
[EventType "swiss"]
[EventCountry "CZE"]
[SourceTitle "playchess.com"]
[Source "ChessBase"]
[SourceQuality "1"]
[TimeControl "1200+10"]

1. d4 d5 2. Nf3 c6 3. Bf4 Qb6 4. Qc1 Bf5 5. c3 Nf6 6. Nbd2 Nbd7 7. e3 e6 8. h3 Be7 9. Nh4 O-O 10. Nxf5 exf5 11. Bd3 Ne4 12. O-O g6 13. Re1 Rfe8 14. c4 Bb4 15. Bxe4 fxe4 16. Rd1 Qd8 17. a3 Be7 18. b4 Rf8 19. cxd5 cxd5 20. Qb2 Rc8 21. Rdc1 Nb6 22. Rxc8 Qxc8 23. Rc1 Qd8 24. Rc7 g5 25. Bh2 f5 26. Be5 f4 27. Qb3 f3 28. Bg3 Bd6 29. Bxd6 Qxd6 30. Rxb7 fxg2 31. Nxe4 Qe6 32. Nxg5 Qf5 33. f4 h6 34. Nf3 Qxh3 35. Nh2 Rc8 36. Qb1 Qxe3+ 37. Kxg2 Qd2+ 38. Kg3 Rc2 39. Qg1 Kf8 40. Nf3 Rc3 41. Qh1 Rxf3+ 42. Qxf3 Nc4 43. Rb8+ Ke7 44. Qxd5 Qe1+ 45. Kh2 Qf2+ 46. Kh3 Qe3+ 47. Kg4 Qe2+ 48. Qf3 Ne3+ 49. Kg3 Nf5+ 50. Kg4 h5+ 51. Kxf5 Qxf3 52. b5 Qd5+ 53. Kg6 Qd6+ 54. Kxh5 Qxb8 55. f5 Qxb5 56. a4 Qxf5+ 57. Kh6 Kf7 58. d5 Qg6# 0-1

[Event "Czech Open Rapid G1 2024"]
[Site "Pardubice"]
[Date "2024.07.18"]
[Round "9.33"]
[White "Jun, Rudolf"]
[Black "Pejrimovska, Viola Ruby"]
[Result "1-0"]
[Annotator "RC"]
[ECO "B55"]
[WhiteElo "2232"]
[BlackElo "1780"]
[PlyCount "33"]
[EventDate "2024.07.16"]
[EventType "swiss"]
[EventCountry "CZE"]
[SourceTitle "playchess.com"]
[Source "ChessBase"]
[SourceQuality "1"]
[TimeControl "1200+10"]

1. e4 c5 2. Nf3 d6 3. d4 cxd4 4. Nxd4 Nf6 5. f3 a6 6. c4 e5 7. Nc2 Nxe4 8. fxe4 Qh4+ 9. Kd2 Qxe4 10. Qf3 Qg6 11. Nc3 Be7 12. Nd5 Bg5+ 13. Kc3 O-O 14. h4 e4 15. Bxg5 Nc6 16. Qg3 b5 17. Ncb4 1-0

[Event "Czech Open Rapid G1 2024"]
[Site "Pardubice"]
[Date "2024.07.18"]
[Round "9.34"]
[White "Gschwendtner, Stanislav"]
[Black "Ret, Adam Josef"]
[Result "0-1"]
[Annotator "NA RC"]
[ECO "A37"]
[WhiteElo "2011"]
[BlackElo "2085"]
[PlyCount "102"]
[EventDate "2024.07.16"]
[EventType "swiss"]
[EventCountry "CZE"]
[SourceTitle "playchess.com"]
[Source "ChessBase"]
[SourceQuality "1"]
[TimeControl "1200+10"]

1. c4 c5 2. g3 g6 3. Bg2 Bg7 4. Nc3 Nc6 5. Nf3 e5 6. O-O Nge7 7. d3 O-O 8. a3 a6 9. Ne1 Rb8 10. Rb1 b5 11. cxb5 axb5 12. b4 cxb4 13. axb4 d5 14. Bg5 f6 15. Bd2 Qd6 16. Nc2 Be6 17. f4 Qc7 18. e4 d4 19. Nd5 Qd6 20. Nxe7+ Nxe7 21. Na3 Qd7 22. Qe2 Ra8 23. Ra1 Ra4 24. fxe5 fxe5 25. Rxf8+ Bxf8 26. Qd1 Qa7 27. Nc2 Bb3 28. Rb1 Be6 29. Ra1 Nc6 30. Qb1 Rxa1 31. Nxa1 Qa3 32. Bf1 Nxb4 33. Nc2 Qa2 34. Qxa2 Nxa2 35. Ba5 b4 36. Bb6 b3 37. Nxd4 b2 38. Nxe6 b1=Q 39. Bf2 Nc1 40. Ng5 Nxd3 41. Be3 Bc5 42. Bxc5 Nxc5 43. Kg2 Nxe4 44. Bc4+ Kg7 45. Ne6+ Kf6 46. Kh3 Ng5+ 47. Nxg5 Kxg5 48. Be2 Qf5+ 49. g4 Qe4 50. Kg3 Qxe2 51. h4+ Kf6 0-1

[Event "Czech Open Rapid G1 2024"]
[Site "Pardubice"]
[Date "2024.07.18"]
[Round "9.35"]
[White "Dolensky, Milan"]
[Black "Dobrowolski, Kamil"]
[Result "0-1"]
[Annotator "RC"]
[ECO "B23"]
[WhiteElo "1983"]
[BlackElo "1801"]
[PlyCount "62"]
[EventDate "2024.07.16"]
[EventType "swiss"]
[EventCountry "CZE"]
[SourceTitle "playchess.com"]
[Source "ChessBase"]
[SourceQuality "1"]
[TimeControl "1200+10"]

1. e4 c5 2. Nc3 d6 3. f4 g6 4. Nf3 Bg7 5. Bb5+ Bd7 6. a4 a6 7. Bxd7+ Qxd7 8. d3 Nc6 9. O-O e6 10. Qe1 Nge7 11. b3 O-O 12. Bb2 d5 13. e5 Nf5 14. Qf2 Nfd4 15. Nxd4 Nxd4 16. Nd1 f6 17. Bxd4 cxd4 18. exf6 Rxf6 19. Qe2 Raf8 20. g3 e5 21. Qf3 exf4 22. g4 g5 23. Re1 Re6 24. Rxe6 Qxe6 25. Nf2 Rc8 26. Rc1 Kh8 27. Kf1 Qe3 28. Qxe3 dxe3 29. Nh3 Bb2 30. Rb1 Rxc2 31. Nxg5 e2+ 0-1

[Event "Czech Open Rapid G1 2024"]
[Site "Pardubice"]
[Date "2024.07.18"]
[Round "9.36"]
[White "Park, Inchan"]
[Black "Laith, Kasib"]
[Result "0-1"]
[Annotator "NA RC"]
[ECO "A49"]
[WhiteElo "1856"]
[BlackElo "2075"]
[PlyCount "64"]
[EventDate "2024.07.16"]
[EventType "swiss"]
[EventCountry "CZE"]
[SourceTitle "playchess.com"]
[Source "ChessBase"]
[SourceQuality "1"]
[TimeControl "1200+10"]

1. d4 Nf6 2. Nf3 g6 3. g3 Bg7 4. Bg2 O-O 5. O-O d6 6. b3 e5 7. dxe5 Nfd7 8. Bb2 Nxe5 9. Qc1 Nbc6 10. c4 Bf5 11. Nxe5 dxe5 12. Nc3 Qc8 13. Rd1 Re8 14. e4 Be6 15. Nd5 Nd4 16. Qd2 c6 17. Ne3 Rd8 18. Kh1 Bh3 19. Nc2 Bxg2+ 20. Kxg2 Qg4 21. Bxd4 Qxe4+ 22. f3 Qf5 23. Qf2 exd4 24. g4 Qf6 25. Rd3 c5 26. Re1 Re8 27. b4 b6 28. f4 Rxe1 29. Nxe1 Qe6 30. bxc5 bxc5 31. Qf3 Re8 32. Rd1 Qxc4 0-1